AoeStats
← gustebrius

Arena

509821435Analyzed
1v1 RM · 4d ago on Sep 28, 2026· 60m 3s· 2 players
Game mode
Random Map
Map size
Tiny (2 player)
Population
200
Speed
Normal
Resources
Standard
Victory
Conquest
Starting age
Dark Age
Ending age
Imperial Age
RankedLock teamsTeams togetherTeam positionsShared explorationLock speedFull tech treeHidden civsTurbo modeCheats
Victory
Defeat
🇨🇱 Turks · Chile
768
+15
🇦🇺 Mongols · Australia
752
-15
George Costanza
8:32 Loom
8:46 Loom
10:57 Feudal Age
12:24 Double-Bit Axe
15:07 Castle Age
16:49 Stone Mining
20:19 Wheelbarrow
21:44 Bow Saw
23:47 Stone Shaft Mining
26:01 Gold Mining
25:55 Horse Collar
28:15 Ballistics
29:10 Gold Shaft Mining
29:46 Husbandry
29:58 Bloodlines
30:20 Hand Cart
29:51 Town Watch
29:56 Light Cavalry
35:52 Fletching
36:03 Padded Archer Armor
36:14 Forging
39:28 Imperial Age
37:28 Bodkin Arrow
38:39 Scale Barding Armor
39:09 Iron Casting
40:34 Conscription
40:17 Hussar
42:59 Bracer
42:32 Elite Mangudai
43:54 Hoardings
44:06 Chain Barding Armor
44:47 Blast Furnace
45:33 Parthian Tactics
52:36 Leather Archer Armor
gustebrius
11:47 Feudal Age
13:50 Loom
16:22 Castle Age
14:38 Double-Bit Axe
16:12 Horse Collar
18:44 Bow Saw
22:59 Wheelbarrow
22:44 Fletching
25:33 Hand Cart
25:55 Heavy Plow
30:58 Imperial Age
30:00 Husbandry
30:11 Bloodlines
35:23 Two-Man Saw
34:23 Gold Mining
35:02 Forging
34:59 Scale Barding Armor
36:49 Iron Casting
36:20 Elite Janissary
41:53 Ballistics
43:34 Artillery
44:47 Town Watch
49:33 Town Patrol
49:29 Stone Mining
50:14 Gold Shaft Mining
51:02 Blast Furnace
52:38 Bodkin Arrow
53:03 Chain Barding Armor
58:24 Plate Barding Armor
57:50 Padded Archer Armor
Connection lost

Rejoining the realm…

Still unreachable

The connection could not be restored.

Session expired

The server has moved on; the page needs a fresh start.